 Dungeon Crawl Stone Soup version 0.29.1-2-gbd0b4ee654 (webtiles) character file.

Game seed: 11597106479351110220

150 zeram the Shield-Bearer (level 5, -2/70 HPs)
             Began as a Gnoll Fighter on Nov 18, 2022.
             Slain by an orc
             ... wielding a +0 trident
              (3 damage)
             ... on level 3 of the Dungeon.
             The game lasted 00:05:42 (2467 turns).

zeram the Shield-Bearer (Gnoll Fighter)             Turns: 2467, Time: 00:05:43

Health: -2/70      AC: 22    Str: 18    XL:     5   Next: 32%
Magic:  7/7        EV:  2    Int:  7    God:
Gold:   176        SH:  5    Dex: 11    Spells: 7/7 levels left

rFire   . . .      SeeInvis .   l - +0 hand axe (flame)
rCold   . . .      Faith    .   c - +0 buckler
rNeg    + . .      Spirit   .   (body armour currently unavailable)
rPois   +          Reflect  .   (helmet currently unavailable)
rElec   .          Harm     .   (cloak currently unavailable)
rCorr   .          Rampage  .   (gloves currently unavailable)
Will    .....      NoTele   +   (boots currently unavailable)
Stlth   ++........              (no amulet)
HPRegen 0.21/turn               f - ring of positive energy
MPRegen 0.10/turn               (no ring)

@: tree-form
A: stationary, stasis, torment immunity, boosted hp, (fangs 1), strong nose,
distributed training
a: no special abilities


You were on level 3 of the Dungeon.
You were a tree.
You visited 1 branch of the dungeon, and saw 3 of its levels.

You collected 176 gold pieces.

Inventory:

Hand Weapons
 a - a +0 war axe
 l - a +0 hand axe of flaming (weapon)
Armour
 b - a +0 scale mail
 c - a +0 buckler (worn)
 g - a +0 plate armour (melded)
 m - a +1 pair of boots (melded)
Jewellery
 f - a ring of positive energy (left branch)
 i - a ring of positive energy
Scrolls
 k - a scroll of immolation {unknown}
Potions
 d - 2 potions of might
 e - 2 potions of degeneration


   Skills:
 + Level 6.7 Fighting
 + Level 1.5 Short Blades
 + Level 1.5 Long Blades
 + Level 4.8 Axes
 + Level 1.5 Maces & Flails
 + Level 1.5 Polearms
 + Level 1.5 Staves
 + Level 1.5 Ranged Weapons
 + Level 1.5 Throwing
 + Level 6.7 Armour
 + Level 1.5 Dodging
 + Level 1.5 Stealth
 + Level 6.7 Shields
 + Level 1.5 Unarmed Combat
 + Level 1.5 Spellcasting
 + Level 1.2 Conjurations
 + Level 1.2 Hexes
 + Level 1.2 Summonings
 + Level 1.2 Necromancy
 + Level 1.2 Translocations
 + Level 1.2 Transmutations
 + Level 1.2 Fire Magic
 + Level 1.2 Ice Magic
 + Level 1.2 Air Magic
 + Level 1.2 Earth Magic
 + Level 1.2 Poison Magic
 + Level 1.7 Invocations
 + Level 1.5 Evocations


You had 7 spell levels left.
You didn't know any spells.
Your spell library contained the following spells:

 Spells                   Type           Power      Damage    Failure   Level
 Poisonous Vapours        Pois/Air       4%         N/A       43%         2
 Summon Guardian Golem    Hex/Summ       2%         N/A       67%         3
 Corpse Rot               Necr/Pois/Air  2%         N/A       97%         4
 Orb of Destruction       Conj           1%         9d5       100%        7
 Spellforged Servitor     Conj/Summ      1%         N/A       100%        7


Dungeon Overview and Level Annotations

Branches:
Dungeon (3/15)

Altars:
The Shining One


Innate Abilities, Weirdness & Mutations

You are a tree.
Your roots penetrate the ground, keeping you stationary.
You cannot be teleported.
You are immune to unholy pain and torment.
Your maximum health is greatly increased.
Your equipment is partially melded.
((You have very sharp teeth.))
Your uncanny sense of smell can sniff out nearby items.
Your experience applies equally to all skills.


Message History

* * * LOW HITPOINT WARNING * * *
The orc barely misses you.
As you read the scroll of teleportation, it crumbles to dust.
You feel strangely unstable.
The adder hisses angrily.
The orc hits you but does no damage. You block the orc's attack.
Unknown command.
Unknown command.
Your surroundings seem slightly different.
Found a scroll labelled WOZOWKEMEST.
Okay, then.
It was a potion of lignification.
You turn into a tree.
Your +1 pair of boots melds into your body.
Your +0 plate armour melds into your body.
Your roots penetrate the ground.
You aren't carrying any items that you can evoke.
Okay, then.
The orc priest calls upon Beogh to heal the orc.
The orc's wounds heal themselves!
The orc hits you but does no damage. You block the orc's attack.
The orc hits you but does no damage.
You are too injured to fight recklessly!
You are too injured to fight recklessly!
You hit the orc priest but do no damage.
You hit the orc. You burn the orc. You slash the orc! You burn the orc.
You kill the orc!
The orc priest hits you but does no damage.
You block the orc's attack. The orc hits you but does no damage.
You barely miss the orc priest. You barely miss the orc.
The orc priest hits you but does no damage.
The orc hits you but does no damage. You block the orc's attack.
The adder bites you but does no damage.
Unknown command.
You barely miss the orc priest. You hit the orc. You burn the orc.
You closely miss the adder. You block the adder's attack.
The orc priest hits you but does no damage.
The orc hits you with a +0 club.
* * * LOW HITPOINT WARNING * * *
The orc hits you from afar with a +0 trident.
You die...

#.########......#
##.##......[...#.#
##...#.#####.##.#?#
#......# #)#....#
##...#.## #......##
........# #.......#
###.##.## #..o....#
#.#### #...oo..#
##'## ##..S♣)##
##...## ##...##
#.....## #.###
.......## ...
........# ...
........+.....
........###..
.......## #.#
#.....##


You could see an orc priest, an adder and 2 orcs.

Vanquished Creatures
  An orc priest (D:3)
  Robin (D:2)
  5 adders
  A worm (D:2)
  2 orcs (D:3)
  6 bats
  2 endoplasms (D:1)
  2 giant cockroaches
  10 goblins
  7 hobgoblins
  5 kobolds
  2 quokkas (D:1)
  4 ball pythons
  6 frilled lizards
  5 rats
59 creatures vanquished.

Vanquished Creatures (others)
  28 plants (D:3)
28 creatures vanquished.

Grand Total: 87 creatures vanquished

Notes
Turn   | Place    | Note
-------+----------+-------------------------------------------
     0 | D:1      | zeram the Gnoll Fighter began the quest for the Orb.
     0 | D:1      | Reached XP level 1. HP: 23/23 MP: 1/1
   242 | D:1      | Found a faded altar of an unknown god.
   355 | D:1      | Reached XP level 2. HP: 29/29 MP: 2/2
  1031 | D:2      | Reached XP level 3. HP: 35/35 MP: 3/3
  1039 | D:2      | Reached skill level 1 in Invocations
  1101 | D:2      | Found a glowing golden altar of the Shining One.
  1129 | D:2      | Noticed Robin
  1140 | D:2      | Reached skill level 1 in Short Blades
  1140 | D:2      | Reached skill level 1 in Long Blades
  1140 | D:2      | Reached skill level 1 in Maces & Flails
  1140 | D:2      | Reached skill level 1 in Polearms
  1140 | D:2      | Reached skill level 1 in Staves
  1140 | D:2      | Reached skill level 1 in Ranged Weapons
  1140 | D:2      | Reached skill level 1 in Throwing
  1140 | D:2      | Reached skill level 1 in Dodging
  1140 | D:2      | Reached skill level 1 in Stealth
  1140 | D:2      | Reached skill level 1 in Unarmed Combat
  1140 | D:2      | Reached skill level 1 in Spellcasting
  1140 | D:2      | Reached skill level 1 in Evocations
  1147 | D:2      | Reached XP level 4. HP: 25/41 MP: 5/5
  1160 | D:2      | Killed Robin
  1380 | D:2      | Reached skill level 1 in Conjurations
  1380 | D:2      | Reached skill level 1 in Hexes
  1380 | D:2      | Reached skill level 1 in Summonings
  1380 | D:2      | Reached skill level 1 in Necromancy
  1380 | D:2      | Reached skill level 1 in Translocations
  1380 | D:2      | Reached skill level 1 in Transmutations
  1380 | D:2      | Reached skill level 1 in Fire Magic
  1380 | D:2      | Reached skill level 1 in Ice Magic
  1380 | D:2      | Reached skill level 1 in Air Magic
  1380 | D:2      | Reached skill level 1 in Earth Magic
  1380 | D:2      | Reached skill level 1 in Poison Magic
  2286 | D:3      | Reached XP level 5. HP: 46/47 MP: 7/7
  2457 | D:3      | HP: 1/47 [orc/+0 trident (7)]
  2467 | D:3      | HP: 1/70 [orc/+0 club (2)]
  2467 | D:3      | Slain by an orc

Illustrated notes

Levels and vault maps discovered:
D:1:      dpeg_arrival_boxes_within_box, layout_basic,
          hellmonk_ecumenical_altar_arch_garden
D:2:      layout_rooms, basic_altar, kennysheep_generic_room_13, uniq_robin
D:3:      layout_loops_corners, serial_bayou, serial_bayou_lake_a,
          serial_bayou_pond_e, serial_bayou_ford_a, serial_bayou_pond_b,
          serial_bayou_shore_b, serial_bayou_pond_c

Skill      XL: |  1  2  3  4 |
---------------+-------------+-----
Invocations    | 1 |  1.7
Short Blades   | 1 |  1.5
Long Blades    | 1 |  1.5
Maces & Flails | 1 |  1.5
Polearms       | 1 |  1.5
Staves         | 1 |  1.5
Ranged Weapons | 1 |  1.5
Throwing       | 1 |  1.5
Dodging        | 1 |  1.5
Stealth        | 1 |  1.5
Unarmed Combat | 1 |  1.5
Spellcasting   | 1 |  1.5
Evocations     | 1 |  1.5
Conjurations   | 1 |  1.2
Hexes          | 1 |  1.2
Summonings     | 1 |  1.2
Necromancy     | 1 |  1.2
Translocations | 1 |  1.2
Transmutations | 1 |  1.2
Fire Magic     | 1 |  1.2
Ice Magic      | 1 |  1.2
Air Magic      | 1 |  1.2
Earth Magic    | 1 |  1.2
Poison Magic   | 1 |  1.2
Fighting       | |  6.7
Axes           | |  4.8
Armour         | |  6.7
Shields        | |  6.7

Action                   |  1- 3 |  4- 6 || total
-------------------------+-------+-------++-------
Melee: War axe           |    64 |       ||    64
       Bite              |     6 |     5 ||    11
       Hand axe          |    17 |    90 ||   107
  Use: Scroll            |       |     7 ||     7
       Potion            |       |     3 ||     3
Armor: Scale mail        |    17 |       ||    17
       Plate armour      |    58 |    50 ||   108
       Skin              |       |     8 ||     8
Dodge: Dodged            |    35 |    22 ||    57
Block: Buckler           |    33 |    28 ||    61
